cohdb
Replays
Latest Replays
All Replays
Popular Replays
Top Player Replays
Match Explorer
How It Works
Community
CoH3 Stats
Reddit
Sign in to upload your games and track your stats! →
Sign in with Steam
Match 41199440
Unlisted
Match 41199440
Overview
Messages
Build Orders
End
Construct Barracks
Scout Squad
Selects Armored Battlegroup
Selects Veteran Crews
1⁄4-ton 4x4 Truck
Riflemen Squad
Riflemen Squad
M1 Mortar Team
Construct Medical Station
Selects Strength in Steel
Infantry Support Center
Grenade Package
Construct Motor Pool
M1918 Browning Automatic Rifles
Selects M8 Scott SPG
Riflemen Squad
Demolitions Package
Munitions Surplus
kappanata
Nubbl0r
0
0
Comments
sign in to comment!
No comments posted yet!